 Dungeon Crawl Stone Soup version 0.31.0-11-ge490571c62 (webtiles) character file.

Game seed: 3915824286882118582

534 qw the Skirmisher (level 7, -1/40 HPs)
             Began as a Deep Elf Hunter on Feb 3, 2024.
             Slain by a gnoll sergeant
             ... wielding a +0 spear
              (12 damage)
             ... on level 4 of the Dungeon.
             The game lasted 00:00:10 (2488 turns).

qw the Skirmisher (Deep Elf Hunter)                 Turns: 2488, Time: 00:00:10

Health: -1/40      AC:  6    Str: 10    XL:     7   Next: 4%
Magic:  9/9        EV: 14    Int: 14    God:
Gold:   250        SH:  0    Dex: 18    Spells: 6/6 levels left

rFire   + . .        c - +0 orcbow
rCold   + . .        (shield currently unavailable)
rNeg    . . .        b - +2 robe {rC+ rF+}
rPois   .            (no helmet)
rElec   .            f - +1 cloak
rCorr   .            (no gloves)
SInv    .            (no boots)
Will    .....        k - amulet of regeneration
Stlth   ++           (no ring)
HPRegen 1.06/turn    (no ring)
MPRegen 0.11/turn

%: no passive effects
@: about to teleport
A: no striking features
a: no special abilities


You were on level 4 of the Dungeon.
You visited 1 branch of the dungeon, and saw 4 of its levels.
You also visited: Sewer.

You collected 250 gold pieces.


   Skills:
 - Level 2.1 Fighting
 + Level 10.1 Ranged Weapons
 - Level 4.3 Dodging
 - Level 1.2 Stealth


You had 6 spell levels left.
You didn't know any spells.
Your spell library was empty.

Inventory:

Hand Weapons
 c - a +0 orcbow (weapon)
Armour
 b - a +2 robe of resistance (worn)
 f - a +1 cloak (worn)
 i - a +0 ring mail
Jewellery
 k - an amulet of regeneration (around neck)
Wands
 h - a wand of mindburst (14)
Scrolls
 a - a scroll of identify
 e - a scroll of enchant weapon {unknown}

Dungeon Overview and Level Annotations

Branches:
Dungeon (4/15)              Sewer (visited)
 Temple: D:4-7

Altars:
Cheibriados
Wu Jian


Message History

You kill the endoplasm!
The gnoll sergeant hits you from afar with a +0 spear!
You shoot an arrow. The arrow hits the gnoll!
The gnoll is severely wounded.
The gnoll sergeant closely misses you. The gnoll barely misses you.
You shoot an arrow. The arrow closely misses the gnoll.
The arrow hits the gnoll!
The gnoll is heavily wounded.
The gnoll sergeant hits you from afar with a +0 spear.
The gnoll hits you with a +0 whip.
You shoot an arrow. The arrow hits the gnoll!
You kill the gnoll!
The gnoll sergeant closely misses you.
The gnoll hits you from afar with a +0 halberd.
You shoot an arrow. The arrow closely misses the gnoll.
The gnoll sergeant misses you. The gnoll misses you.
The gnoll closely misses you.
You shoot an arrow. The arrow hits the gnoll!
You kill the gnoll!
The gnoll sergeant misses you. The gnoll barely misses you.
You shoot an arrow.
The arrow barely misses the gnoll sergeant.
The gnoll sergeant barely misses you. The gnoll misses you.
You shoot an arrow.
The arrow closely misses the gnoll sergeant.
The gnoll sergeant hits you from afar with a +0 spear.
The gnoll misses you.
You shoot an arrow.
The arrow barely misses the gnoll sergeant.
The gnoll sergeant completely misses you.
The gnoll closely misses you.
You shoot an arrow. The arrow hits the gnoll sergeant.
The gnoll sergeant is lightly wounded.
The gnoll sergeant closely misses you.
The gnoll hits you from afar with a +0 halberd.
2488 ||| READING scroll of teleportation.
As you read the scroll of teleportation, it crumbles to dust.
You feel strangely unstable.
The gnoll sergeant hits you from afar with a +0 spear!
You die...

#.# #.# #####
# ##.##...^.
.###.##...>..#
.............#
####.##......#
# ##.##### #.#
#@# #)#


g.g ..... ......[ ......... +.........+ #.........# You could see a gnoll
sergeant and a gnoll.

Vanquished Creatures
  Pargi (Sewer)
  A kobold brigand (Sewer)
  A brain worm (Sewer)
  A bombardier beetle (D:4)
  2 hounds
  An orc priest (D:3)
  Jessica (D:2)
  7 adders
  2 gnolls (D:4)
  A ribbon worm (D:3)
  10 orcs (D:3)
  6 ball pythons
  A bat (D:2)
  5 endoplasms
  A giant cockroach (D:2)
  7 goblins
  2 hobgoblins (D:2)
  8 kobolds
  5 quokkas
  2 frilled lizards
  2 rats
67 creatures vanquished.

Notes
Turn   | Place    | Note
-------+----------+-------------------------------------------
     0 | D:1      | qw the Deep Elf Hunter began the quest for the Orb.
     0 | D:1      | Reached XP level 1. HP: 12/12 MP: 3/3
     0 | D:1      | 0 ||| qw: Version: 0.3-a-157-g843a77d
     0 | D:1      | 0 ||| qw: Game counter: 3631
     0 | D:1      | 0 ||| qw: Melee chars always use a shield: true
     0 | D:1      | 0 ||| qw: God list: Okawaru
     0 | D:1      | 0 ||| qw: Allow faded altars: false
     0 | D:1      | 0 ||| qw: Do Orc after clearing Dungeon:15 true
     0 | D:1      | 0 ||| qw: Do second Lair branch before Depths: true
     0 | D:1      | 0 ||| qw: Lair rune preference: random
     0 | D:1      | 0 ||| qw: Goals: Normal
     0 | D:1      | 0 ||| PLANNING D:1-11
   125 | D:1      | Reached XP level 2. HP: 13/16 MP: 4/4
   185 | D:1      | Reached skill level 6 in Ranged Weapons
   423 | D:1      | 423 ||| UPGRADING to amulet of regeneration.
   428 | D:1      | 428 ||| READING scroll labelled SAGHULO PEYF.
   433 | D:1      | 433 ||| READING 2 scrolls labelled KUOCIJIZAJ.
   433 | D:1      | 433 ||| IDENTIFYING amethyst potion
   434 | D:1      | 434 ||| READING scroll of identify.
   434 | D:1      | 434 ||| IDENTIFYING golden potion
   435 | D:1      | 435 ||| READING 2 scrolls labelled QUAC KOSUERIT.
   436 | D:1      | 436 ||| READING scroll labelled RISORI LELARU.
   437 | D:1      | 437 ||| READING scroll labelled HIUME JAXTUGE.
   438 | D:1      | 438 ||| DROPPING scroll of butterflies.
   439 | D:1      | 439 ||| DROPPING potion of degeneration.
   440 | D:1      | 440 ||| DROPPING scroll of amnesia.
   441 | D:1      | 441 ||| DROPPING potion of attraction.
   443 | D:1      | 443 ||| Stepping ~*~*~tactically~*~*~ (cloud).
   482 | D:2      | Noticed Jessica
   489 | D:2      | Killed Jessica
   490 | D:2      | Reached XP level 3. HP: 20/20 MP: 5/5
   538 | D:2      | Reached skill level 7 in Ranged Weapons
   673 | D:2      | Identified the +7 mace "Atsoacw" {pain, Str+3 Dex+3 Stlth+}
   706 | D:2      | Reached XP level 4. HP: 20/25 MP: 6/6
   741 | D:2      | Identified the +2 mace "Fusuwn" {pain, rC+ Int+2}
   899 | D:2      | 899 ||| UPGRADING to +2 robe of resistance.
   909 | D:2      | 909 ||| DROPPING +0 leather armour.
   910 | D:2      | 910 ||| UPGRADING to +0 cloak.
   915 | D:2      | 915 ||| READING scroll labelled RAULEZ DASA.
   916 | D:2      | 916 ||| READING scroll labelled NEWKAR CASO.
   917 | D:2      | 917 ||| READING scroll labelled TIUGHOD TOWI.
   917 | D:2      | 917 ||| ENCHANTING +0 cloak.
   918 | D:2      | 918 ||| READING scroll labelled XOUNOZU YLOK.
   926 | D:3      | 926 ||| PLANNING SEWER
   949 | D:3      | Found a glowing drain.
   974 | Sewer    | Entered a sewer
  1003 | Sewer    | Noticed a brain worm
  1004 | Sewer    | 1004 ||| SWAPPING to +0 orcbow.
  1006 | Sewer    | Killed a brain worm
  1007 | Sewer    | Reached skill level 8 in Ranged Weapons
  1007 | Sewer    | Reached XP level 5. HP: 26/29 MP: 5/7
  1010 | Sewer    | 1010 ||| DROPPING +0 shortbow.
  1049 | Sewer    | Reached skill level 3 in Dodging
  1113 | Sewer    | Noticed Pargi
  1127 | Sewer    | Killed Pargi
  1128 | Sewer    | Reached skill level 9 in Ranged Weapons
  1128 | Sewer    | Reached XP level 6. HP: 11/34 MP: 8/8
  1151 | Sewer    | 1151 ||| READING scroll labelled QIKUOM PITO.
  1165 | D:3      | 1165 ||| PLANNING D:1-11
  1631 | D:3      | Found the +7 staff of the Meek {protect, meekguard}
  1967 | D:3      | Found an ornate altar of the Wu Jian Council.
  1967 | D:3      | Found a snail-covered altar of Cheibriados.
  2018 | D:3      | Identified the +0 robe of Udianol {+Inv rCorr MP+9}
  2050 | D:3      | 2050 ||| DROPPING +0 robe of Udianol {+Inv rCorr MP+9}.
  2051 | D:3      | 2051 ||| READING 2 scrolls of identify.
  2051 | D:3      | 2051 ||| IDENTIFYING fizzy brown potion
  2052 | D:3      | 2052 ||| READING scroll of identify.
  2052 | D:3      | 2052 ||| IDENTIFYING orange potion
  2053 | D:3      | 2053 ||| READING 2 scrolls labelled ZEN HUKIDURA.
  2154 | D:3      | 2154 ||| DROPPING scroll of vulnerability.
  2155 | D:3      | 2155 ||| DROPPING potion of magic.
  2156 | D:3      | 2156 ||| DROPPING potion of brilliance.
  2270 | D:4      | Identified the +4 falchion of Jaczanemm {heavy, Dex+4}
  2307 | D:4      | Reached skill level 10 in Ranged Weapons
  2364 | D:4      | Reached XP level 7. HP: 40/40 MP: 9/9
  2487 | D:4      | HP: 10/40 [gnoll/+0 halberd[a gnoll sergeant] (4)]
  2488 | D:4      | 2488 ||| READING scroll of teleportation.
  2488 | D:4      | Slain by a gnoll sergeant

Levels and vault maps discovered:
D:1:      psy_arrival_fountain, layout_rooms, minmay_misc_feat_diagonals
D:2:      layout_rooms, uniq_jessica
D:3:      layout_loops_corners, gammafunk_temple_overflow_pools,
          cheibrodos_sewer_entry_sluice, pf_guarded_unrand_meek
D:4:      layout_loops_corners

Skill      XL: |  1  2  3  4  5  6 |
---------------+-------------------+-----
Ranged Weapons | 6 7 8 9 10 | 10.1
Dodging        | 3 4 |  4.3
Fighting       | 2 |  2.1
Stealth        | |  1.2

Action                     |  1- 3 |  4- 6 |  7- 9 || total
---------------------------+-------+-------+-------++-------
   Fire: Shortbow          |    57 |    28 |       ||    85
         Orcbow            |       |   120 |    12 ||   132
    Use: Scroll            |     6 |     8 |     1 ||    15
 Armour: Leather armour    |    10 |       |       ||    10
         Robe              |       |    61 |     9 ||    70
  Dodge: Dodged            |    10 |    57 |    14 ||    81

Table legend:
 A = Non-vault XP
 B = Vault XP
 C = Vault XP percentage of total XP
 D = Non-vault monster count
 E = Vault monster count
 F = Vault count percentage of total count
                 A         B        C        D         E       F
            +---------+---------+-------+---------+---------+-------
      Total |     316 |     448 |  58.6 |      48 |      19 |  28.4
            +---------+---------+-------+---------+---------+-------
        D:1 |      16 |       0 |   0.0 |       8 |       0 |   0.0
        D:2 |      59 |      37 |  38.5 |      13 |       1 |   7.1
        D:3 |     118 |      62 |  34.4 |      21 |      10 |  32.3
        D:4 |     123 |       0 |   0.0 |       6 |       0 |   0.0
      Sewer |       0 |     349 | 100.0 |       0 |       8 | 100.0
            +---------+---------+-------+---------+---------+-------
